 Dungeon Crawl Stone Soup version 0.18.1-6-gd335043 (webtiles) character file.

248 epen the Cutter (level 5, -23/46 HPs)
             Began as a Draconian Chaos Knight on May 15, 2016.
             Annihilated by an ogre
             ... wielding a +1 giant spiked club of chaos
              (38 damage)
             ... on level 4 of the Dungeon.
             The game lasted 00:08:51 (3523 turns).

epen the Cutter (Draconian Chaos Knight)            Turns: 3523, Time: 00:08:52

Health: -23/46     AC:  7    Str: 17      XL:     5   Next: 86%
Magic:  5/5        EV: 13    Int: 11 (12) God:    Xom [*.....]
Gold:   154        SH:  0    Dex: 11      Spells: 0 memorised, 4 levels left

rFire  . . .     SeeInvis .     a - +1 short sword (chaos)
rCold  . . .     Gourm    .     (armour unavailable)
rNeg   . . .     Faith    .     (no shield)
rPois  .         Spirit   .     (helmet restricted)
rElec  .         Dismiss  .     (no cloak)
rCorr  .         Reflect  .     q - +1 pair of gloves
SustAt .         Harm     .     (no boots)
MR     .....                    (no amulet)
Stlth  +.........               (no ring)
                                (no ring)

@: very slightly contaminated, drained, invisible, not resistant to hostile
enchantments, very unstealthy
A: unfitting armour, blurry vision 1, strong 1, cold-blooded, AC +5
a: Renounce Religion


You were on level 4 of the Dungeon.
You worshipped Xom.
You were a special plaything of Xom.
You were not hungry.

You visited 1 branch of the dungeon, and saw 4 of its levels.

You collected 154 gold pieces.

Inventory:

Hand Weapons
 a - a +1 short sword of chaos (weapon)
Armour
 q - a +1 pair of gloves (worn)
Scrolls
 d - 2 scrolls of remove curse
 e - a scroll of enchant armour
 f - a scroll of recharging
 g - 2 scrolls of identify
 j - 2 scrolls of enchant weapon
Potions
 n - a potion of flight
 p - a potion of lignification
 u - a potion of might
 v - a potion of heal wounds
Books
 l - a book of the Sky

   Spells                             Type                      Level
   a - Summon Lightning Spire         Summoning/Air                4
   b - Airstrike                      Air                          4
   c - Silence                        Hexes/Air                    5
   d - Deflect Missiles               Charms/Air                   6
   e - Conjure Ball Lightning         Conjuration/Air              6
   f - Tornado                        Air                          9
Comestibles
 b - 3 bread rations
 c - a meat ration
 i - a royal jelly
 o - a slice of pizza


   Skills:
 + Level 4.2(3.2) Fighting
 * Level 4.6(3.6) Short Blades
 * Level 4.1(3.1) Dodging


You had 4 spell levels left.
You didn't know any spells.

Dungeon Overview and Level Annotations

Branches:
Dungeon (4/15)             Temple (0/1) D:4

Altars:
Okawaru

Shops:
D:4 %


Innate Abilities, Weirdness & Mutations

Your plain brown scales are hard (AC +5).
Your body does not fit into most forms of armour.
You are cold-blooded and may be slowed by cold attacks.
Scrolls take you a little longer to read.
Your muscles are strong. (Str +2)


Message History

Drink which item? (? for menu, Esc to quit)
You fade into invisibility!
You are very lightly contaminated with residual magic.
You catch the helpless ogre completely off-guard!
You hit the ogre.
The ogre goes berserk!
The ogre is heavily wounded.
The ogre barely misses you.
You barely miss the ogre.
The ogre is heavily wounded.
The ogre barely misses you.
You hit the ogre.
You tail-slap the ogre, but do no damage.
The ogre is heavily wounded.
The ogre barely misses you.
You hit the ogre but do no damage.
Your tail-slap misses the ogre.
The ogre is heavily wounded.
The ogre hits you with a giant spiked club of chaos!!!
Ouch! That really hurt!
You die...
Xom thinks this is hilarious!

## ##...##.####..# #...
)# ........#.....#
...... .#
........'.....#.........
.#
........#.....#.........
.#
........#.....#.........
##
###.....###...##..##..##
###. #.....###...##..##
...a
.....................
....
..........@O.........
....
........)............
....
.....................
....
.....................
####
#####################


You could see an ogre (berserk).

Vanquished Creatures
  A phantom (D:3)
  3 gnolls (D:4)
  5 adders
  2 worms (D:2)
  3 dart slugs
  2 giant geckos (D:4)
  5 orcs (D:3)
  7 bats
  A giant cockroach (D:4)
  5 goblins
  3 hobgoblins
  2 ball pythons
  2 giant newts
  5 kobolds
  7 rats
53 creatures vanquished.

Vanquished Creatures (collateral kills)
  Ijyb (D:2)
1 creature vanquished.

Grand Total: 54 creatures vanquished

Notes
Turn   | Place    | Note
--------------------------------------------------------------
     0 | D:1      | epen the Draconian Chaos Knight began the quest for the Orb.
     0 | D:1      | Reached XP level 1. HP: 19/19 MP: 1/1
   232 | D:1      | XOM: harmless Air miscast
   342 | D:1      | XOM: harmless Chrm miscast
   594 | D:2      | You fall through a shaft!
   654 | D:3      | Reached XP level 2. HP: 13/26 MP: 2/2
   680 | D:3      | XOM: harmless Erth miscast
   896 | D:3      | XOM: blink monster(s)
  1352 | D:4      | XOM is BORED!
  1352 | D:4      | XOM: give mutation
  1352 | D:4      | Gained mutation: Your muscles are strong. (Str +2) [Xom's mischief]
  1400 | D:4      | Reached XP level 3. HP: 23/31 MP: 3/3
  1490 | D:4      | XOM: 3-stop teleportation journey
  1580 | D:4      | Noticed an ogre
  1669 | D:3      | Noticed a phantom
  1677 | D:3      | XOM: noise
  1726 | D:3      | XOM: confusion (+ monsters)
  1737 | D:3      | XOM: 1-stop teleportation journey
  1822 | D:3      | Reached XP level 4. HP: 37/39 MP: 4/4
  1849 | D:4      | XOM: silly message
  1859 | D:4      | XOM: chaos upgrade
  1879 | D:4      | XOM: potion effect (might)
  1895 | D:3      | Killed a phantom
  1895 | D:3      | Reached XP level 5. HP: 25/46 MP: 5/5
  2220 | D:2      | XOM: confuse monster(s)
  2259 | D:2      | XOM: god gift: 12 sling bullets
  2324 | D:2      | XOM: smoke on damage
  2856 | D:2      | Noticed Ijyb
  2865 | D:2      | XOM: summons 5 friendly demons
  2879 | D:2      | Killed Ijyb
  2936 | D:2      | XOM: draining
  2977 | D:2      | Found an iron altar of Okawaru.
  3253 | D:4      | XOM: give mutation
  3253 | D:4      | Gained mutation: Scrolls take you a little longer to read. [Xom's mischief]
  3294 | D:4      | XOM: stat loss: -1 Int (11/12)
  3439 | D:4      | Found a staircase to the Ecumenical Temple.
  3481 | D:4      | Found Juyxorr's Food Shoppe.
  3523 | D:4      | Annihilated by an ogre

Skill      XL: |  1  2  3  4  5 |
---------------+----------------+-----
Dodging        | 3 4 |  4.1
Fighting       | 4 |  4.2
Short Blades   | 4 |  4.6

Action                   |  1- 3 |  4- 6 || total
-------------------------+-------+-------++-------
Melee: Short sword       |    81 |   123 ||   204
       Tailslap          |    10 |    14 ||    24
  Use: Scroll            |     1 |    12 ||    13
       Potion            |       |     1 ||     1
 Stab: Sleeping          |     1 |     1 ||     2
       Confused          |       |     2 ||     2
       Invisible         |       |     1 ||     1
  Eat: Chunk             |     2 |     6 ||     8
Armor: Skin              |    17 |    45 ||    62
Dodge: Dodged            |    47 |    60 ||   107
